Map: Tourmaline LE

Players

HoldTheDoor - Winner!

  • Race: Protoss Protoss
  • League: Diamond
  • Spawn Location: 1:00

Frankie

  • Race: Terran Terran
  • League: Master
  • Spawn Location: 7:00

VOD

Have the link to the VOD?

Description

Time

  • Played on: May 6, 2026, 10:52 a.m.
  • Length: 10:10
Show
View Real Time Build Order
Export as new Build Order

HoldTheDoor Protoss - Winner!

Build Orders: 1 Gate Expand 

Get SALT Encoding   

  12  0:00  Probe  
  13  0:12  Probe  
  14  0:18  Pylon  
  14  0:24  Probe  
  15  0:40  Probe  
  15  0:42  Gateway  
  15  0:48  Probe  
  16  0:52  Assimilator  
  17  1:00  Pylon  
  17  1:09  Probe  
  18  1:26  Probe  
  18  1:30  Cybernetics Core  
  19  1:38  Probe  
  20  1:40  Nexus  
  20  1:47  Assimilator  
  20  1:50  Probe  
  21  1:56  Pylon  
  21  2:02  Probe  
  21  2:05  Adept  
  22  2:10  Warp Gate  
  22  2:14  Probe  
  25  2:26  Probe  
  26  2:34  Sentry  
  28  2:38  Probe  
  29  2:47  Pylon  
  29  2:54  Robotics Facility  
  29  2:57  Probe  
  30  3:00  Probe  
  31  3:15  Probe  
  31  3:16  Probe  
  33  3:30  Shield Battery  
  33  3:36  Gateway  
  33  3:37  Gateway, Probe  
  33  3:38  Immortal  
  33  3:39  Pylon, Probe  
  35  3:49  Probe  
  40  3:56  Gateway  
  40  4:01  Gateway, Probe  
  41  4:06  Assimilator  
  41  4:09  Stalker  
  43  4:12  Probe  
  44  4:19  Shield Battery  
  44  4:21  Warp Prism, Pylon  
  46  4:25  Probe  
  47  4:32  Twilight Council  
  47  4:34  Probe  
  47  4:45  Probe  
  47  4:49  Charge  
  48  4:53  Stalker  
  48  4:54  Stalker x2  
  48  4:57  Sentry  
  48  4:58  Probe  
  57  5:06  Pylon  
  57  5:10  Pylon  
  57  5:17  Forge  
  57  5:18  Probe  
  57  5:19  Probe  
  59  5:27  Zealot x2  
  63  5:40  Immortal  
  67  5:49  Zealot x3  
  73  5:50  Zealot  
  73  5:54  Sentry  
  77  6:00  Pylon  
  77  6:05  Pylon  
  77  6:10  Zealot x3  
  83  6:13  Sentry  
  78  6:43  Stalker x5  
  84  7:07  Stalker x2  
  84  7:08  Stalker  
  87  7:11  Photon Cannon  
  87  7:14  Photon Cannon  
  87  7:18  Probe x2  
  89  7:29  Stargate  
  89  7:30  Probe x2  
  91  7:42  Probe x2  
  93  7:49  Photon Cannon  
  93  7:54  Probe x2  
  93  7:55  Pylon  
  95  8:06  Probe  
  64  8:35  Stalker x5  
  74  8:59  Zealot x4  
  74  9:00  Zealot  
  80  9:09  Phoenix  
  82  9:24  Zealot x5  
  92  9:32  Probe  
  92  9:33  Gateway, Probe  
  92  9:34  Gateway  
  92  9:37  Gateway  
  94  9:44  Probe  
  95  9:46  Probe  
Show
View Real Time Build Order
Export as new Build Order

Frankie Terran 

Build Orders: Mech 

Get SALT Encoding   

  12  0:00  SCV  
  13  0:12  SCV  
  14  0:17  Supply Depot  
  14  0:25  SCV  
  15  0:38  SCV  
  15  0:39  Barracks  
  16  0:48  Refinery  
  16  0:50  SCV  
  17  1:03  SCV  
  18  1:15  SCV  
  19  1:29  Orbital Command  
  19  1:31  Marine  
  20  1:51  Marine  
  21  1:58  SCV  
  22  2:02  Command Center  
  22  2:12  Supply Depot, SCV  
  23  2:19  Factory  
  23  2:28  Barracks Reactor  
  23  2:31  Refinery  
  23  2:33  SCV  
  24  2:45  SCV  
  25  2:59  Command Center, SCV  
  26  3:12  Hellion  
  28  3:14  Hellion  
  28  3:18  SCV  
  30  3:29  Orbital Command  
  30  3:35  SCV, Bunker  
  31  3:46  Hellion x2  
  35  3:50  SCV  
  35  3:54  SCV  
  37  4:03  Starport, SCV  
  38  4:17  SCV x2  
  40  4:18  Orbital Command  
  40  4:22  Hellion x2  
  44  4:27  Barracks Tech Lab  
  44  4:29  SCV x2  
  44  4:30  Factory  
  46  4:36  Refinery  
  44  4:44  SCV x2  
  44  4:45  SCV  
  41  4:49  Widow Mine x2  
  45  4:54  Liberator  
  45  4:56  SCV x2  
  45  4:57  SCV  
  51  5:05  Refinery  
  51  5:08  SCV x2  
  51  5:11  Factory  
  53  5:25  SCV x3  
  56  5:37  SCV x3  
  56  5:39  Supply Depot  
  56  5:42  Armory, Supply Depot  
  59  5:46  Armory  
  59  5:50  Liberator  
  59  5:56  Siege Tank  
  65  6:00  SCV x3  
  68  6:06  Factory Tech Lab  
  68  6:12  Engineering Bay  
  68  6:13  SCV  
  68  6:15  SCV, Supply Depot  
  68  6:16  SCV  
  68  6:17  Supply Depot  
  71  6:25  Hellion x2  
  62  6:40  Siege Tank  
  59  6:56  Siege Tank  
  59  7:00  SCV x2  
  64  7:06  Terran Vehicle Weapons Level 1  
  64  7:12  Siege Tank  
  64  7:15  Hellbat  
  69  7:25  Orbital Command  
  66  7:45  SCV  
  66  7:47  Terran Vehicle And Ship Armor Level 1  
  67  7:51  Refinery  
  67  7:53  Refinery, Widow Mine  
  67  7:57  SCV  
  70  8:01  SCV  
  71  8:09  SCV  
  72  8:14  SCV  
  70  8:21  SCV  
  53  8:33  Siege Tank  
  30  9:00  Siege Tank  
  32  9:05  Siege Tank  
  35  9:37  Siege Tank  
Tags
 
Composition
Mech
Matchup
PvT
Replay Pack
SC2Mai2026
Spawn Locations
Cross Positions
Add a new tag
Caveats
  • Supply blocks, unpowered buildings, or Contaminate may cause inaccurate times.
  • Supply counts are checked every 10 seconds.